 Dungeon Crawl Stone Soup version 0.23.2-1-ga50397a6bc (webtiles) character file.

Game seed: 5801604490228890706

163 Kobolds4U the Covered (level 5, 0/47 HPs)
             Began as a Minotaur Berserker on Apr 23, 2019.
             Was a Believer of Trog.
             Slain by an ogre
             ... wielding a +0 giant club
              (13 damage)
             ... on level 4 of the Dungeon.
             The game lasted 00:04:53 (2947 turns).

Kobolds4U the Covered (Minotaur Berserker)          Turns: 2947, Time: 00:04:54

Health: 0/47       AC:  7    Str: 22    XL:     5   Next: 20%
Magic:  4/4        EV: 10    Int:  5    God:    Trog [**....]
Gold:   149        SH:  0    Dex:  9    Spells: 4/4 levels left

rFire    . . .     SeeInvis .   a - +0 hand axe
rCold    . . .     Gourm    .   (no shield)
rNeg     . . .     Faith    .   x - +0 scale mail
rPois    .         Spirit   .   (helmet restricted)
rElec    .         Reflect  .   s - scarf {repulsion}
rCorr    .         Harm     .   (no gloves)
MR       .....                  (no boots)
Stlth    ..........             (no amulet)
HPRegen  0.15/turn              (no ring)
MPRegen  0.09/turn              (no ring)

@: repel missiles
A: retaliatory headbutt, horns 2
a: Berserk, Trog's Hand, Renounce Religion


You were on level 4 of the Dungeon.
You worshipped Trog.
Trog was pleased with you.
You were not hungry.

You visited 1 branch of the dungeon, and saw 4 of its levels.

You collected 149 gold pieces.

Inventory:

Hand Weapons
 a - a +0 hand axe (weapon)
Armour
 p - a +0 leather armour
 s - a scarf of repulsion (worn)
 x - a +0 scale mail (worn)
Jewellery
 w - an uncursed ring of poison resistance {unknown}
Scrolls
 b - a scroll of teleportation {unknown}
 d - 2 scrolls of remove curse {unknown}
 e - 2 scrolls of enchant weapon {unknown}
 f - 5 scrolls of identify {unknown}
 k - 2 scrolls of enchant armour {unknown}
 o - a scroll of noise {unknown}
 q - a scroll of amnesia {unknown}
 r - a scroll of immolation {unknown}
Potions
 g - a potion of haste {unknown}
 h - a potion of agility {unknown}
 i - a potion of degeneration {unknown}
 j - 3 potions of lignification {unknown}
 l - a potion of curing {unknown}
 m - a potion of berserk rage {unknown}
 n - a potion of invisibility {unknown}
 t - 2 potions of heal wounds {unknown}
 u - a potion of brilliance {unknown}
Comestibles
 c - 5 rations
 v - 4 chunks of flesh


   Skills:
 + Level 4.7 Fighting
 + Level 4.7 Axes
 * Level 5.0 Armour
 - Level 2.1 Dodging


You had 4 spell levels left.
You didn't know any spells.
Your spell library was empty.

Dungeon Overview and Level Annotations

Branches:
Dungeon (4/15)
 Temple: D:4-7

Altars:
Hepliaklqana

Annotations:
D:3 Sigmund


Innate Abilities, Weirdness & Mutations

You reflexively headbutt those who attack you in melee.
You have a pair of horns on your head.


Message History

Done exploring.
(D) Dungeon
Where to? (Enter - D:2 @ (x,y), ? - help)
There is a stone staircase leading down here.
You climb downwards.
An ogre comes into view. It is wielding a +0 giant club.
The ogre shouts!
Found 20 gold pieces.
Found a stone staircase leading down.
There is a stone staircase leading up here.
Found an escape hatch in the floor.
The ogre hits you with a +0 giant club!
You slash the ogre!
The ogre is moderately wounded.
The ogre hits you with a +0 giant club!!
* * * LOW HITPOINT WARNING * * *
You are too injured to fight recklessly!
A hound comes into view.
There is a stone staircase leading up here.
The ogre hits you with a +0 giant club!
You die...

# #. .## .. ##
##.## ##..
...####....
...#.##..##....
.......@O#..# .##
#$...###..#.##>....
..> #....h.h.... .
.............###.
...##.#......# .
#..........#
#.#######.## #. .#
#. #


You could see an ogre and a hound (wandering).

Vanquished Creatures
  A bullfrog zombie (D:2)
  Terence (D:3)
  Robin (D:2)
  2 adders (D:2)
  An ooze (D:2)
  5 dart slugs
  4 leopard geckos
  2 giant cockroaches (D:3)
  16 goblins
  8 hobgoblins
  3 bats (D:1)
  2 frilled lizards
  7 kobolds
  8 rats
61 creatures vanquished.

Notes
Turn   | Place    | Note
-------+----------+-------------------------------------------
     0 | D:1      | Kobolds4U the Minotaur Berserker began the quest for the
                  | Orb.
     0 | D:1      | Reached XP level 1. HP: 19/19 MP: 0/0
   203 | D:1      | Reached skill level 3 in Armour
   203 | D:1      | Reached XP level 2. HP: 15/27 MP: 1/1
   834 | D:2      | Reached XP level 3. HP: 33/33 MP: 2/2
  1090 | D:2      | Noticed Robin
  1091 | D:2      | Reached ** piety under Trog
  1103 | D:2      | Reached skill level 4 in Armour
  1108 | D:2      | Killed Robin
  1108 | D:2      | Reached XP level 4. HP: 8/40 MP: 3/3
  2002 | D:3      | Noticed Sigmund
  2742 | D:3      | Reached XP level 5. HP: 47/47 MP: 4/4
  2747 | D:3      | Found a hazy altar of Hepliaklqana.
  2828 | D:3      | Noticed Terence
  2844 | D:3      | Killed Terence
  2844 | D:3      | Reached skill level 5 in Armour
  2937 | D:4      | Noticed an ogre
  2947 | D:4      | Slain by an ogre

Skill      XL: |  1  2  3  4  5 |
---------------+----------------+-----
Armour         | 3 4 5 |  5.0
Fighting       | 4 |  4.7
Axes           | 4 |  4.7
Dodging        | |  2.1

Action                   |  1- 3 |  4- 6 || total
-------------------------+-------+-------++-------
Melee: Hand axe          |    77 |    43 ||   120
       Headbutt          |     8 |    10 ||    18
Invok: Berserk           |     1 |     1 ||     2
       Trog's Hand       |     1 |     1 ||     2
  Eat: Chunk             |     1 |     8 ||     9
Armor: Animal skin       |     9 |       ||     9
       Leather armour    |     4 |     5 ||     9
Dodge: Dodged            |    57 |    24 ||    81
       Deflected         |       |     1 ||     1
